 Dungeon Crawl Stone Soup version 0.28.0-53-g5a82cb258f (webtiles) character file.

Game seed: 5556263535595250940

16 jiml777 the Gusty (level 2, 0/20 HPs)
             Began as a Gnoll Air Elementalist on July 7, 2022.
             Slain by a jackal (1 damage)
             ... on level 1 of the Dungeon.
             The game lasted 00:02:31 (438 turns).

jiml777 the Gusty (Gnoll Air Elementalist)           Turns: 438, Time: 00:02:32

Health: 0/20       AC:  2    Str:  7    XL:     2   Next: 58%
Magic:  7/7        EV: 13    Int: 14    God:
Gold:   40         SH:  0    Dex: 12    Spells: 9/10 levels left

rFire   . . .      SeeInvis .   g - +2 dagger (venom)
rCold   . . .      Faith    .   (no shield)
rNeg    . . .      Spirit   .   a - +0 robe
rPois   .          Reflect  .   (no helmet)
rElec   .          Harm     .   (no cloak)
rCorr   .          Rampage  .   (no gloves)
Will    .....                   (no boots)
Stlth   ++........              (no amulet)
HPRegen 0.06/turn               (no ring)
MPRegen 0.10/turn               (no ring)

@: no status effects
A: fangs 1, strong nose, distributed training
a: no special abilities


You were on level 1 of the Dungeon.
You visited 1 branch of the dungeon, and saw 1 of its levels.

You collected 40 gold pieces.

Inventory:

Hand Weapons
 d - a +0 short sword
 g - a +2 dagger of venom (weapon)
Missiles
 b - 5 stones
Armour
 a - a +0 robe (worn)
Scrolls
 e - a scroll of enchant weapon {unknown}
 f - a scroll of identify {unknown}
Potions
 c - a potion of haste {unknown}


   Skills:
 + Level 0.4 Fighting
 + Level 0.4 Short Blades
 + Level 0.4 Long Blades
 + Level 0.4 Axes
 + Level 0.4 Maces & Flails
 + Level 0.4 Polearms
 + Level 0.4 Staves
 + Level 0.4 Slings
 + Level 0.4 Bows
 + Level 0.4 Crossbows
 + Level 0.4 Throwing
 + Level 0.4 Armour
 + Level 4.5 Dodging
 + Level 4.1 Stealth
 + Level 0.4 Shields
 + Level 0.4 Unarmed Combat
 + Level 4.9 Spellcasting
 + Level 2.0 Conjurations
 + Level 0.2 Hexes
 + Level 0.2 Summonings
 + Level 0.2 Necromancy
 + Level 0.2 Translocations
 + Level 0.2 Transmutations
 + Level 0.2 Fire Magic
 + Level 0.2 Ice Magic
 + Level 5.3 Air Magic
 + Level 0.2 Earth Magic
 + Level 0.2 Poison Magic
 + Level 0.5 Invocations
 + Level 0.4 Evocations


You had 9 spell levels left.
You knew the following spells:

 Your Spells              Type           Power      Damage    Failure   Level
a - Shock                 Conj/Air       52%        1d6       3%          1

Your spell library contained the following spells:

 Spells                   Type           Power      Damage    Failure   Level
 Static Discharge         Conj/Air       13%        N/A       6%          2
 Swiftness                Air            18%        N/A       6%          3
 Airstrike                Air            9%         N/A       19%         4
 Gell's Gravitas          Tloc           4%         N/A       43%         3
 Teleport Other           Tloc           4%         N/A       43%         3
 Dispersal                Tloc           2%         N/A       100%        6


Dungeon Overview and Level Annotations

Branches:
Dungeon (1/15)

Altars:


Innate Abilities, Weirdness & Mutations

You have very sharp teeth.
Your uncanny sense of smell can sniff out nearby items.
Your experience applies equally to all skills.


Message History

The jackal completely misses you. The jackal bites you.
The jackal closely misses you. The jackal misses you.
The goblin barely misses you.
Things that are here:
a +0 dagger; a goblin corpse You closely miss the jackal.
The jackal barely misses you. x2
You hit the jackal.
The jackal is poisoned.
The jackal is moderately wounded.
The jackal closely misses you. x2
The jackal bites you but does no damage.
You hit the jackal but do no damage.
The jackal is moderately wounded.
The jackal bites you.
* * * LOW HITPOINT WARNING * * *
The jackal misses you. The jackal bites you.
* * * LOW HITPOINT WARNING * * *
The jackal completely misses you.
You kill the jackal!
The jackal misses you.
You hit the jackal but do no damage.
The jackal is poisoned.
You bite the jackal, but do no damage. The jackal barely misses you.
The jackal closely misses you.
The jackal bites you but does no damage.
The jackal misses you.
The jackal bites you but does no damage. x2
The jackal looks more healthy.
The jackal barely misses you.
You closely miss the jackal. Your bite misses the jackal.
The jackal is almost dead.
The jackal barely misses you. The jackal closely misses you.
The jackal bites you.
* * * LOW HITPOINT WARNING * * *
The jackal misses you. The jackal bites you.
* * * LOW HITPOINT WARNING * * *
The jackal closely misses you.
You barely miss the jackal.
The jackal is severely wounded.
The jackal bites you.
You die...

## ##### ####### .#
###...### #.....##### .#
#.......# #.........# .#
#.......####..h......#
.###.......#....@hg.....#
.#.........#............#
..................#.....#
.#...#......##....#.....#
.....#.....†.#...[......#
.............#..........#
.............#.......####...
..#...>.....................
..#..........#..............


You could see 2 jackals and a goblin.

Vanquished Creatures
  2 ball pythons (D:1)
  3 bats (D:1)
  5 goblins (D:1)
  A jackal (D:1)
  A frilled lizard (D:1)
  3 kobolds (D:1)
  A rat (D:1)
16 creatures vanquished.

Notes
Turn   | Place    | Note
-------+----------+-------------------------------------------
     0 | D:1      | jiml777 the Gnoll Air Elementalist began the quest for the
                  | Orb.
     0 | D:1      | Reached XP level 1. HP: 13/13 MP: 6/6
   250 | D:1      | Reached XP level 2. HP: 17/19 MP: 7/7
   437 | D:1      | HP: 1/20 [jackal (2)]
   438 | D:1      | Slain by a jackal

Illustrated notes

Levels and vault maps discovered:
D:1:      erik_arrival_orb_chamber, layout_basic,
          shapermc_ecumenical_altar_mp_urbaneastern, patterned_corridor

Skill      XL: |  1 |
---------------+----+-----
Conjurations   | 2 |  2.0
Fighting       | |  0.4
Short Blades   | |  0.4
Long Blades    | |  0.4
Axes           | |  0.4
Maces & Flails | |  0.4
Polearms       | |  0.4
Staves         | |  0.4
Slings         | |  0.4
Bows           | |  0.4
Crossbows      | |  0.4
Throwing       | |  0.4
Armour         | |  0.4
Dodging        | |  4.5
Stealth        | |  4.1
Shields        | |  0.4
Unarmed Combat | |  0.4
Spellcasting   | |  4.9
Hexes          | |  0.2
Summonings     | |  0.2
Necromancy     | |  0.2
Translocations | |  0.2
Transmutations | |  0.2
Fire Magic     | |  0.2
Ice Magic      | |  0.2
Air Magic      | |  5.3
Earth Magic    | |  0.2
Poison Magic   | |  0.2
Invocations    | |  0.5
Evocations     | |  0.4

Action                   || total
-------------------------++-------
Melee: Short sword       ||    16
       Dagger            ||    14
       Bite              ||     3
 Cast: Shock             ||     3
 Stab: Sleeping          ||     4
Armor: Robe              ||    15
Dodge: Dodged            ||    45
